Match 46411247
Unlisted

Match 46411247
End
Selects Luftwaffe Battlegroup
Selects Luftwaffe Pioneer Support
Fallschirmpioneer Squad Paradrop
Construct Infanterie Kompanie
MG 42 Machine Gun Team
Fallschirmpioneer Squad Paradrop
Medical Station
Selects Reconnaissance Run
Construct Panzergrenadier Kompanie
Selects Fallschirmjäger Squad Paradrop
Fallschirmjäger Squad Paradrop
Construct Panzer Kompanie
Pak 40 Anti-tank Gun Team
Fallschirmjäger Squad Paradrop
Reconnaissance Run
Construct Panzer Kompanie
Selects Flak 38 Anti-Air Emplacement
Panzer IV Medium Tank
Panzer IV Medium Tank
Panzer IV Medium Tank
Selects Stuka Loiter
Side Skirts
Selects Flak 38 Anti-Air Emplacement
Reconnaissance Run
Stuka Loiter
Selects Flak 36 Anti-tank Gun Emplacement
Repair Bunker
Reconnaissance Run
Panzer IV Medium Tank
Repair Bunker
Panzer IV Medium Tank
Reconnaissance Run
Pioneer Squad
Panzer IV Medium Tank
Pioneer Squad
Support Elements
Repair Bunker
Panzergrenadier Squad
Reconnaissance Run
Kettenkrad Recon Vehicle
Panzer IV Medium Tank
Pioneer Squad
Pioneer Squad
Reconnaissance Run
Fallschirmpioneer Squad Paradrop
Reconnaissance Run
Nebelwerfer 42 Rocket Launcher Team
Reconnaissance Run
Nebelwerfer 42 Rocket Launcher Team
Freeze
KoMoDЫ4
_Nemez_
Barka
Prime
Valieriumborn
Jimm-e
r33dys
0
0

Comments sign in to comment!

No comments posted yet!